 Dungeon Crawl Stone Soup version 0.19.0-19-g8c6edcc (webtiles) character file.

52 lorenzova the Covered (level 3, 0/34 HPs)
             Began as a Deep Dwarf Fighter on Nov 14, 2016.
             Killed from afar by Sigmund (9 damage)
             ... with a puff of flame
             ... on level 3 of the Dungeon.
             The game lasted 00:01:37 (1649 turns).

lorenzova the Covered (Deep Dwarf Fighter)          Turns: 1649, Time: 00:01:38

Health: 0/34       AC:  7    Str: 20    XL:     3   Next: 60%
Magic:  3/3        EV:  8    Int:  8    God:
Gold:   130        SH:  9    Dex: 12    Spells: 0 memorised, 2 levels left

rFire  . . .     SeeInvis .     a - +0 trident
rCold  . . .     Gourm    .     b - +0 scale mail
rNeg   . . .     Faith    .     c - +0 shield
rPois  .         Spirit   .     (no helmet)
rElec  .         Reflect  .     (no cloak)
rCorr  .         Harm     .     (no gloves)
MR     .....                    (no boots)
Stlth  ..........               (no amulet)
                                (no ring)
                                (no ring)

@: non-regenerating
A: damage resistance, recharge devices, sense surroundings 1, slow regeneration
3
a: Device Recharging


You were on level 3 of the Dungeon.
You were hungry.

You visited 1 branch of the dungeon, and saw 3 of its levels.

You collected 130 gold pieces.

Inventory:

Hand Weapons
 a - a +0 trident (weapon)
Armour
 b - a +0 scale mail (worn)
 c - a +0 shield (worn)
Wands
 e - a wand of heal wounds (4/9)
 q - a wand of paralysis (14/24)
Scrolls
 g - a scroll of teleportation {unknown}
 h - a scroll of enchant armour {unknown}
 k - a scroll of fog {unknown}
 m - 2 scrolls of magic mapping {unknown}
 p - a scroll of fear {unknown}
 r - a scroll of identify {unknown}
Potions
 d - a potion of might
 i - a potion of agility {unknown}
 j - 2 potions of magic {unknown}
 n - a potion of cure mutation {unknown}
Comestibles
 f - a bread ration
 l - 2 beef jerkies
 o - a meat ration


   Skills:
 * Level 3.6 Fighting
 - Level 1.7 Polearms
 + Level 3.7 Armour
 + Level 1.4 Dodging
 - Level 3.2 Shields


You had 2 spell levels left.
You didn't know any spells.

Dungeon Overview and Level Annotations

Branches:
Dungeon (3/15)

Altars:

Annotations:
D:1 1 runed door
D:3 Sigmund


Innate Abilities, Weirdness & Mutations

You are resistant to damage.
You can recharge devices by infusing magical energy.
You passively map a small area around you.
You do not regenerate.


Message History

Sigmund is moderately wounded.
Sigmund points at you and mumbles some strange words.
You are confused.
You bump into the rock wall.
Sigmund hits you but does no damage.
Sigmund casts a spell.
Sigmund flickers and vanishes!
Deactivating autopickup; reactivate with Ctrl-A.
You see here 11 gold pieces.
Something hits you but does no damage.
You bump into the rock wall.
You bump into the rock wall.
Something hits you.
You bump into the rock wall.
Something hits you!
* * * LOW HITPOINT WARNING * * *
You bump into the rock wall.
You feel less confused.
You closely miss something.
You hear some strange, mumbled words.
A puff of flame appears from out of thin air!
The puff of flame hits you!
You die...

* * * #... ,
* #..# * . ,
#..# ,* ..
###..# ...,
..#..#
....*##.#..
, *
.....#..#{#
, , *
......[<#@#
* *
#######.#$#
, * *
..........#*
,#######.###
* #.# , , *
,, #.# * **
* * ... , ,,
,[..,, * ,
.... * , *


There were no monsters in sight!

Vanquished Creatures
  2 adders (D:2)
  2 dart slugs
  3 leopard geckos
  2 giant cockroaches
  2 hobgoblins (D:2)
  A quokka (D:2)
  6 bats
  2 frilled lizards
  3 goblins (D:2)
  2 kobolds (D:2)
  3 rats
28 creatures vanquished.

Notes
Turn   | Place    | Note
-------+----------+-------------------------------------------
     0 | D:1      | lorenzova the Deep Dwarf Fighter began the quest for the Orb.
     0 | D:1      | Reached XP level 1. HP: 20/20 MP: 1/1
     1 | D:1      | Found a runed door.
   377 | D:1      | Reached XP level 2. HP: 19/28 MP: 2/2
  1062 | D:2      | Reached skill level 1 in Dodging
  1062 | D:2      | Reached XP level 3. HP: 17/34 MP: 3/3
  1638 | D:3      | Noticed Sigmund
  1649 | D:3      | Killed from afar by Sigmund

Skill      XL: |  1  2 |
---------------+-------+-----
Fighting       | 3 |  3.6
Dodging        | 1 |  1.4
Polearms       | |  1.7
Armour         | |  3.7
Shields        | |  3.2

Action                   || total
-------------------------++-------
Melee: Trident           ||   122
Evoke: Wand              ||     1
  Eat: Pizza             ||     1
Armor: Scale mail        ||    36
Dodge: Dodged            ||    26
Block: Shield            ||    47
